AoeStats
← L0TROttoSkyW

MegaRandom

509982709Analyzed
4v4 RM · 2d ago on Sep 28, 2026· 99m 36s· 8 players
Game mode
Random Map
Map size
Large (8 player)
Population
200
Speed
Normal
Resources
Standard
Victory
Conquest
Starting age
Dark Age
Ending age
Imperial Age
RankedLock teamsTeams togetherTeam positionsShared explorationLock speedFull tech treeHidden civsTurbo modeCheats
Victory
Defeat
🇹🇷 Vietnamese · Türkiye
712
+20
🇺🇸 Wei · United States
675
+22
🇦🇷 Khmer · Argentina
646
+23
🇺🇸 Mongols · United States
627
+22
843
-23
🇨🇴 Teutons · Colombia
816
-22
🇨🇴 Varangians · Colombia
809
-46
🇨🇴 Saracens · Colombia
746
-20
L0TROttoSkyW
1:58 Loom
2:18 Loom
15:18 Feudal Age
17:14 Wheelbarrow
19:04 Double-Bit Axe
19:09 Horse Collar
19:26 Gold Mining
19:28 Stone Mining
19:43 Stone Mining
24:19 Fishing Lines
28:34 Castle Age
31:26 Hand Cart
35:07 Imperial Age
33:40 Husbandry
33:52 Bloodlines
33:53 Scale Barding Armor
33:59 Forging
36:08 Pikeman
36:36 Arson
37:51 Chain Barding Armor
38:07 Iron Casting
37:01 Heavy Hei Guang Cavalry
40:12 Tuntian
40:39 Ming Guang Armor
46:14 Blast Furnace
46:14 Elite Tiger Cavalry
55:17 Conscription
58:49 Conscription
57:56 Halberdier
62:55 Scale Mail Armor
64:08 Gillnets
74:08 Caravan
78:07 Parthian Tactics
77:49 Thumb Ring
79:04 Fletching
79:15 Padded Archer Armor
81:17 Bow Saw
85:38 Bodkin Arrow
86:06 Leather Archer Armor
85:18 Elite Skirmisher
87:31 Imperial Skirmisher
89:06 Bracer
89:37 Ring Archer Armor
93:57 Chain Mail Armor
massanka21
8:08 Loom
14:25 Feudal Age
15:32 Double-Bit Axe
17:51 Wheelbarrow
18:43 Stone Mining
19:23 Fishing Lines
19:54 Fletching
20:54 Horse Collar
25:22 Castle Age
26:33 Hand Cart
26:31 Bow Saw
26:40 Bodkin Arrow
27:14 Medium Warships
27:02 Gillnets
27:56 Heavy Plow
30:20 Gold Mining
31:06 Stone Shaft Mining
31:04 Padded Archer Armor
31:15 Forging
31:06 Scale Mail Armor
32:19 Leather Archer Armor
34:12 Treadmill Crane
34:53 Ballistics
34:29 Murder Holes
34:45 Masonry
34:46 Clinker Construction
34:48 Careening
34:55 Chain Mail Armor
35:16 Iron Casting
36:06 Husbandry
36:17 Bloodlines
42:54 Imperial Age
42:21 Chatras
44:38 Chemistry
44:26 Heavy Warships
44:06 Bracer
44:36 Ring Archer Armor
44:23 Elite Battle Elephant
44:25 Cavalier
44:26 Light Cavalry
45:12 Scale Barding Armor
46:19 Two-Man Saw
46:08 Crop Rotation
45:09 Elite Cannon Galleon
48:14 Chain Barding Armor
48:25 Plate Mail Armor
53:58 Paper Money
52:59 Elite Rattan Archer
59:32 Plate Barding Armor
60:04 Caravan
67:26 Fortified Wall
68:51 Bombard Tower
68:17 Arrowslits
68:23 Guard Tower
82:03 Siege Engineers
82:34 Keep
92:46 Carvel Hull
92:47 Dry Dock
artav001
13:30 Feudal Age
14:31 Fishing Lines
15:35 Wheelbarrow
22:30 Castle Age
20:49 Stone Mining
20:47 Double-Bit Axe
21:06 Gold Mining
25:07 Hand Cart
26:59 Town Watch
27:08 Town Watch
27:25 Town Watch
29:25 Stone Shaft Mining
29:28 Gold Shaft Mining
30:30 Gillnets
32:00 Medium Warships
31:42 Horse Collar
32:19 Demolition Ship
34:39 Nomads
38:13 Imperial Age
36:55 Careening
36:57 Clinker Construction
37:12 Ballistics
40:00 Conscription
40:04 Drill
40:41 Heavy Warships
39:37 Heavy Demolition Ship
41:40 Chemistry
41:02 Carvel Hull
41:00 Siphons
44:42 Siege Engineers
44:48 Masonry
44:34 Murder Holes
47:35 Elite Mangudai
48:50 Heavy Scorpion
53:13 Elite Steppe Lancer
54:04 Elite Steppe Lancer
56:34 Shipwright
55:48 Capped Ram
58:30 Parthian Tactics
58:20 Forging
58:15 Scale Barding Armor
58:11 Padded Archer Armor
58:02 Fletching
58:32 Heavy Cavalry Archer
60:28 Iron Casting
60:14 Chain Barding Armor
64:16 Blast Furnace
63:11 Bodkin Arrow
63:32 Leather Archer Armor
65:17 Siege Ram
76:59 Bracer
77:01 Scale Mail Armor
82:03 Bloodlines
81:14 Light Cavalry
82:05 Hussar
Sir Pepe84
0:42 Loom
13:17 Feudal Age
14:57 Wheelbarrow
14:22 Town Watch
14:26 Double-Bit Axe
15:06 Horse Collar
21:16 Stone Mining
21:20 Gold Mining
21:52 Fishing Lines
27:58 Castle Age
25:55 Arson
26:56 Fletching
27:17 Forging
27:09 Scale Mail Armor
27:10 Padded Archer Armor
27:16 Scale Barding Armor
28:59 Bow Saw
29:11 Man-at-Arms
29:56 Husbandry
30:32 Pikeman
31:11 Gillnets
32:45 Gold Shaft Mining
32:48 Stone Shaft Mining
34:00 Hand Cart
33:53 Elite Skirmisher
34:28 Long Swordsman
34:39 Crossbowman
36:27 Bloodlines
35:38 Light Cavalry
36:45 Medium Warships
35:58 Demolition Ship
36:22 Light Cavalry
39:52 Crossbowman
40:30 Bodkin Arrow
43:10 Imperial Age
43:00 Tusk Swords
43:37 Iron Casting
43:23 Chain Barding Armor
43:45 Guard Tower
44:23 Conscription
45:02 Halberdier
45:08 Imperial Skirmisher
46:33 Two-Handed Swordsman
49:49 Two-Handed Swordsman
55:36 Hoardings
58:32 Arbalester
61:20 Caravan
66:09 Elite Ballista Elephant
69:28 Arbalester
70:50 Capped Ram
70:50 Onager
70:54 Hussar
73:56 Double Crossbow
80:51 Chemistry
79:58 Siege Engineers
79:52 Murder Holes
80:09 Fortified Wall
80:11 Masonry
85:16 Plate Barding Armor
85:43 Blast Furnace
85:00 Chain Mail Armor
85:00 Leather Archer Armor
84:46 Bracer
85:30 Architecture
98:35 Elite Cannon Galleon
andreshernandez1995
3:52 Loom
12:57 Feudal Age
14:07 Double-Bit Axe
20:19 Castle Age
23:52 Fervor
31:50 Imperial Age
30:05 Bow Saw
31:01 Wheelbarrow
30:13 Town Watch
30:34 Gold Mining
30:35 Stone Mining
30:31 Horse Collar
30:58 Herbal Medicine
31:04 Devotion
32:32 Stone Shaft Mining
33:49 Heavy Plow
34:55 Two-Man Saw
34:39 Theocracy
34:31 Illumination
34:09 Atonement
34:00 Treadmill Crane
34:43 Ballistics
35:25 Chemistry
34:46 Siege Engineers
34:59 Masonry
35:58 Crop Rotation
36:19 Hand Cart
36:40 Town Patrol
40:24 Caravan
40:56 Coinage
40:57 Guilds
44:32 Murder Holes
45:07 Architecture
45:40 Banking
45:39 Faith
59:34 Elite Varangian Guard
60:16 Squires
60:01 Arson
60:03 Gambesons
60:45 Husbandry
60:56 Bloodlines
60:09 Cavalier
60:14 Light Cavalry
63:49 Forging
63:39 Scale Mail Armor
63:45 Scale Barding Armor
63:31 Fletching
63:42 Padded Archer Armor
65:43 Iron Casting
64:38 Gothikon
64:42 Vendel Legacy
65:44 Conscription
64:45 Elite Jarl
66:07 Hussar
67:55 Chain Mail Armor
68:01 Chain Barding Armor
67:37 Bodkin Arrow
67:58 Leather Archer Armor
72:18 Blast Furnace
71:49 Plate Mail Armor
71:55 Plate Barding Armor
71:21 Bracer
73:15 Ring Archer Armor
74:25 Heated Shot
74:46 Fortified Wall
74:42 Siphons
74:58 Shipwright
74:48 Clinker Construction
74:49 Careening
74:29 Guard Tower
77:13 Incendiaries
78:45 Onager
79:34 Elite Longship
80:27 Medium Warships
79:59 Fishing Lines
80:57 Carvel Hull
80:58 Dry Dock
82:00 Heavy Warships
81:26 Gillnets
GenghisKhan't
1:30 Loom
2:15 Loom
14:20 Feudal Age
17:20 Stone Mining
17:20 Gold Mining
19:47 Castle Age
17:12 Man-at-Arms
17:38 Arson
18:26 Double-Bit Axe
19:09 Horse Collar
21:52 Stone Shaft Mining
21:53 Forging
21:48 Gambesons
22:27 Scale Mail Armor
22:47 Long Swordsman
24:16 Heavy Plow
24:29 Bow Saw
25:39 Wheelbarrow
25:47 Chain Mail Armor
26:06 Squires
27:25 Iron Casting
27:41 Hand Cart
31:11 Ironclad
32:05 Town Watch
34:38 Ballistics
38:29 Imperial Age
36:00 Town Patrol
36:09 Town Patrol
38:20 Fortified Wall
40:41 Conscription
40:59 Hoardings
40:22 Capped Ram
40:29 Two-Handed Swordsman
42:07 Crop Rotation
42:00 Champion
44:04 Elite Teutonic Knight
45:49 Pikeman
49:04 Onager
55:57 Chemistry
57:24 Plate Mail Armor
60:54 Halberdier
72:37 Padded Archer Armor
radiotiempo.todoeltiempo
3:04 Loom
3:38 Loom
11:06 Feudal Age
12:03 Double-Bit Axe
12:02 Horse Collar
19:25 Wheelbarrow
22:45 Castle Age
22:04 Stone Mining
23:56 Medium Warships
24:14 Bow Saw
25:09 Fletching
28:04 Hand Cart
29:16 Heavy Plow
32:44 Gold Mining
37:37 Treadmill Crane
38:34 Greek Fire
41:30 Imperial Age
39:31 Greek Fire
39:58 Siphons
40:25 Ballistics
41:01 Gold Shaft Mining
41:03 Careening
41:38 Forging
41:33 Scale Barding Armor
41:24 Bodkin Arrow
42:42 Heavy Warships
44:02 Conscription
44:18 Hoardings
45:31 Stone Shaft Mining
45:56 Iron Casting
45:28 Squires
45:15 Gambesons
45:10 Elite Varangian Guard
45:35 Arson
46:52 Crop Rotation
47:35 Two-Man Saw
47:11 Scale Mail Armor
47:32 Chain Barding Armor
49:36 Plate Barding Armor
50:41 Chain Mail Armor
51:55 Chemistry
54:21 Logistica
55:12 Logistica
56:30 Plate Mail Armor
58:52 Chemistry
60:03 Murder Holes
64:32 Pikeman
71:22 Halberdier
72:52 Bracer
Lord_Pollo04
8:53 Loom
11:12 Feudal Age
12:14 Double-Bit Axe
17:07 Castle Age
18:48 Medium Warships
21:46 Wheelbarrow
21:53 Fishing Lines
23:24 Hand Cart
22:59 Town Watch
31:43 Fletching
34:46 Clinker Construction
34:47 Careening
37:32 Imperial Age
35:32 Bodkin Arrow
35:59 Gillnets
39:21 Chemistry
40:45 Heavy Warships
41:18 Bow Saw
47:44 Two-Man Saw
49:41 Dry Dock
49:43 Carvel Hull
51:25 Bracer
51:26 Elite Cannon Galleon
65:52 Pikeman
66:39 Squires
66:44 Scale Mail Armor
67:04 Gambesons
68:29 Chain Mail Armor
68:26 Forging
70:07 Elite Skirmisher
71:35 Padded Archer Armor
72:09 Thumb Ring
81:03 Leather Archer Armor
80:43 Onager
88:43 Plate Mail Armor
88:49 Iron Casting
89:14 Scale Barding Armor
Connection lost

Rejoining the realm…

Still unreachable

The connection could not be restored.

Session expired

The server has moved on; the page needs a fresh start.